 Dungeon Crawl Stone Soup version 0.28-a0-664-gc179e30c89 (webtiles) character file.

Game seed: 7899253896420095687

625 IndexError the Skirmisher (level 7, -4/47 HPs)
             Began as a Gargoyle Berserker on Oct 15, 2021.
             Was a Priest of Trog.
             Slain by a gnoll (8 damage)
             ... on level 5 of the Dungeon.
             The game lasted 00:07:02 (4093 turns).

IndexError the Skirmisher (Gargoyle Berserker)      Turns: 4093, Time: 00:07:02

Health: -4/47      AC: 11    Str: 21    XL:     7   Next: 47%
Magic:  7/7        EV: 11    Int:  8    God:    Trog [***...]
Gold:   187        SH:  0    Dex: 10    Spells: 6/6 levels left

rFire   + . .      SeeInvis .   p - +0 dagger (elec)
rCold   . . .      Faith    .   (no shield)
rNeg    + . .      Spirit   .   d - +1 ring mail {rF+}
rPois   ∞          Reflect  .   (no helmet)
rElec   +          Harm     .   (no cloak)
rCorr   .          Rampage  .   (no gloves)
Will    ++...                   (no boots)
Stlth   ..........              b - amulet of the acrobat
HPRegen 1.15/turn               (no ring)
MPRegen 0.10/turn               (no ring)

@: strong-willed, on berserk cooldown, regenerating, slowed, very slow
A: sickness immunity, AC +4, negative energy resistance 1, electricity
resistance, torment resistance 1, petrification resistance
a: Renounce Religion, Berserk, Trog's Hand


You were on level 5 of the Dungeon.
You worshipped Trog.
Trog was most pleased with you.
You visited 1 branch of the dungeon, and saw 5 of its levels.

You collected 187 gold pieces.

Inventory:

Hand Weapons
 a - a +0 mace
 p - a +0 dagger of electrocution (weapon)
   (You took it off a goblin on level 2 of the Dungeon)
Missiles
 e - 5 datura-tipped darts
Armour
 d - a +1 ring mail of fire resistance (worn)
   (You found it on level 1 of the Dungeon)
Jewellery
 b - an amulet of the acrobat (around neck)
   (You found it on level 1 of the Dungeon)
Scrolls
 f - 3 scrolls of identify {unknown}
 h - a scroll of immolation {unknown}
 i - a scroll of noise {unknown}
 l - 2 scrolls of acquirement {unknown}
 m - a scroll of brand weapon {unknown}
 n - 2 scrolls of magic mapping {unknown}
 o - a scroll of silence {unknown}
 q - a scroll of teleportation {unknown}
 r - a scroll of enchant weapon {unknown}
 s - a scroll of fog {unknown}
Potions
 c - a potion of might {unknown}
 g - a potion of attraction {unknown}
 j - a potion of flight {unknown}
 k - 4 potions of curing {unknown}


   Skills:
 + Level 6.9 Fighting
 + Level 6.3 Maces & Flails
 - Level 2.1 Armour
 - Level 1.5 Dodging


You had 6 spell levels left.
You didn't know any spells.
Your spell library was empty.

Dungeon Overview and Level Annotations

Branches:
Dungeon (5/15)
 Temple: D:4-7

Altars:
Kikubaaqudgha
Sif Muna
Vehumet

Shops:
D:1 :


Innate Abilities, Weirdness & Mutations

You are immune to sickness and miasma.
Your stone body is resilient. (AC +4)
You are immune to poison.
You resist negative energy. (rN+)
You are resistant to electric shocks. (rElec)
You are resistant to unholy torment.
You are immune to petrification.


Message History

A gnoll comes into view. It is wielding a +0 halberd.
A gnoll comes into view. It is wielding a +0 club.
There are monsters nearby!
There are monsters nearby!
The gnoll shouts!
A gnoll comes into view. It is wielding a +0 flail.
There is a stone staircase leading up here.
The gnoll shaman calls upon its god to speed up the gnoll.
The gnoll seems to speed up.
The gnoll misses you.
You hear a shout!
A red film seems to cover your vision as you go berserk!
You feel yourself moving faster!
You feel mighty! The gnoll barely misses you.
You now have 70/70 hp.
You puncture the gnoll!
The gnoll shaman calls upon its god to speed up the gnoll.
The gnoll seems to speed up.
You hit the gnoll. The gnoll hits you but does no damage.
You hit the gnoll. Trog accepts your kill. The gnoll shaman barely misses you.
The gnoll hits you with a +0 flail.
Things that are here:
a +0 halberd; a gnoll corpse You take 6 damage, and have 64/70 hp.
You hit the gnoll shaman.
Lightning courses through the gnoll shaman!
A hound comes into view.
The gnoll closely misses you.
You barely miss the gnoll shaman.
The hound barks!
Your ring mail prevents you from hitting the gnoll shaman.
The gnoll hits you but does no damage.
You closely miss the gnoll shaman.
The gnoll shaman calls upon its god to speed up the gnoll.
The gnoll seems to speed up.
You closely miss the gnoll shaman. The gnoll hits you with a +0 flail.
You take 2 damage, and have 62/70 hp.
You closely miss the gnoll shaman. The gnoll shaman barely misses you.
The gnoll hits you but does no damage.
You puncture the gnoll shaman!
Lightning courses through the gnoll shaman!!
Trog accepts your kill. The gnoll closely misses you.
The gnoll hits you with a +0 flail. The gnoll hits you but does no damage.
You take 5 damage, and have 58/70 hp.
You closely miss the hound. The hound bites you but does no damage.
The gnoll closely misses you. The gnoll hits you with a +0 club.
You take 2 damage, and have 56/70 hp.
You puncture the hound! Lightning courses through the hound!!
Trog accepts your kill. The gnoll hits you with a +0 flail.
The gnoll hits you with a +0 club.
You take 7 damage, and have 49/70 hp.
You puncture the gnoll! The gnoll hits you but does no damage.
The gnoll completely misses you. The gnoll hits you with a +0 flail!
You take 7 damage, and have 42/70 hp.
You are too injured to fight recklessly!
You are too injured to fight recklessly!
You are too injured to fight recklessly!
You are too injured to fight recklessly!
You are too injured to fight recklessly!
You are too injured to fight recklessly!
You are too injured to fight recklessly!
You are no longer berserk.
You are exhausted.
You feel yourself slow down.
You now have 28/47 hp.
You barely miss the gnoll. The gnoll hits you with a +0 flail.
The gnoll hits you but does no damage.
You take 6 damage, and have 22/47 hp.
You hit the gnoll but do no damage. The gnoll hits you with a +0 flail.
The gnoll barely misses you.
You take 2 damage, and have 20/47 hp.
You hit the gnoll. The gnoll closely misses you.
The gnoll hits you but does no damage. The gnoll hits you with a +0 flail.
You take 4 damage, and have 16/47 hp.
You hit the gnoll but do no damage. The gnoll hits you with a +0 flail.
* * * LOW HITPOINT WARNING * * *
The gnoll closely misses you.
You take 2 damage, and have 14/47 hp.
You barely miss the gnoll. The gnoll hits you but does no damage.
The gnoll hits you with a +0 flail.
* * * LOW HITPOINT WARNING * * *
You take 2 damage, and have 12/47 hp.
You hit the gnoll but do no damage. The gnoll barely misses you.
The gnoll hits you with a +0 flail.
* * * LOW HITPOINT WARNING * * *
You take 3 damage, and have 9/47 hp.
You hit the gnoll but do no damage. The gnoll barely misses you. x2
The gnoll hits you with a +0 flail.
* * * LOW HITPOINT WARNING * * *
You take 6 damage, and have 3/47 hp.
Your skin crawls.
You feel strong-willed. The gnoll hits you but does no damage.
The gnoll hits you with a +0 flail.
* * * LOW HITPOINT WARNING * * *
You take 1 damage, and have 2/47 hp.
You hit the gnoll. The gnoll barely misses you.
The gnoll hits you with a +0 flail.
* * * LOW HITPOINT WARNING * * *
You completely miss the gnoll. The gnoll hits you with a +0 flail!
You die...

#....#.#.#.#...####..........
#..............##............
######..##..###.####.###...###..
##..#######..###.###..#)#...###..
#.....###.............###........
#...##8##........................
.#.⌠.#...#..............#...#####
........_#..............#...#
.##.##...##+####@#########..#
##...##8###..###g####...##..#
#8.:.8###.#....ggg..........#
##._.##...#.................#####
#####....#.................#....
##........#.................#....
##........#.........<.......#....
##..##'####.######.##............
##..##.####.###.....#.#.#.#.#....


You could see 4 gnolls.

Vanquished Creatures
  A water moccasin (D:4)
  A phantom (D:3)
  A scorpion (D:5)
  A howler monkey (D:4)
  A bullfrog zombie (D:5)
  A hound (D:5)
  A gnoll shaman (D:5)
  A scorpion zombie (D:5)
  An orc wizard (D:4)
  A hound zombie (D:5)
  A howler monkey zombie (D:5)
  A gnoll (D:5)
  5 adders
  An ufetubus (D:3)
  2 worms (D:2)
  6 dart slugs
  3 orcs (D:4)
  7 ball pythons
  6 endoplasms
  3 giant cockroaches
  9 hobgoblins
  14 jackals
  5 quokkas
  6 bats
  5 frilled lizards
  10 goblins
  7 kobolds
  6 rats
107 creatures vanquished.

Notes
Turn   | Place    | Note
-------+----------+-------------------------------------------
     0 | D:1      | IndexError the Gargoyle Berserker began the quest for the
                  | Orb.
     0 | D:1      | Reached XP level 1. HP: 14/14 MP: 1/1
   128 | D:1      | Found Ponux's Book Boutique.
   258 | D:1      | Reached XP level 2. HP: 19/19 MP: 2/2
   476 | D:1      | Reached XP level 3. HP: 24/24 MP: 3/3
   489 | D:1      | Reached skill level 4 in Fighting
   664 | D:1      | Reached ** piety under Trog
  1213 | D:2      | Reached skill level 4 in Maces & Flails
  1213 | D:2      | Reached XP level 4. HP: 30/30 MP: 4/4
  1991 | D:3      | Noticed a phantom
  2010 | D:3      | Killed a phantom
  2011 | D:3      | Reached skill level 5 in Fighting
  2011 | D:3      | Reached XP level 5. HP: 35/35 MP: 5/5
  2179 | D:3      | Found a faded altar of an unknown god.
  2865 | D:4      | Reached skill level 5 in Maces & Flails
  2877 | D:4      | Reached XP level 6. HP: 37/40 MP: 6/6
  2885 | D:4      | Noticed a water moccasin
  3013 | D:4      | Killed a water moccasin
  3014 | D:4      | Reached skill level 6 in Fighting
  3294 | D:4      | Reached *** piety under Trog
  3554 | D:5      | Entered Level 5 of the Dungeon
  3670 | D:5      | Reached XP level 7. HP: 41/47 MP: 7/7
  3756 | D:5      | Reached skill level 6 in Maces & Flails
  4000 | D:5      | Found a radiant altar of Vehumet.
  4004 | D:5      | Found an ancient bone altar of Kikubaaqudgha.
  4005 | D:5      | Found a shimmering blue altar of Sif Muna.
  4089 | D:5      | HP: 9/47 [gnoll (4)]
  4090 | D:5      | HP: 3/47 [gnoll (6)]
  4093 | D:5      | Slain by a gnoll

Illustrated notes

Levels and vault maps discovered:
D:1:      lemuel_arrival_funnel, layout_rooms, serial_shops, shop,
          chequers_serial_rivers_micro_c
D:2:      layout_loops_ring, eino_tiny_chamber,
          wander_ebering_terrifying_dragon_lair
D:3:      layout_basic, hellmonk_ecumenical_altar_heavens_door,
          minmay_misc_feat_iff
D:4:      layout_rooms
D:5:      layout_gridville, grunt_temple_overflow_magic_moments, serial_glass,
          glass_columns_c, glass_columns_a, glass_columns_a, glass_columns_c,
          item_on_display_a, minmay_strange_pillars, item_on_display_a

Skill      XL: |  1  2  3  4  5  6  7 |
---------------+----------------------+-----
Fighting       | 4 5 6 |  6.9
Maces & Flails | 4 5 6 |  6.3
Armour         | |  2.1
Dodging        | |  1.5

Action                   |  1- 3 |  4- 6 |  7- 9 || total
-------------------------+-------+-------+-------++-------
Melee: Mace              |   119 |    45 |       ||   164
       Dagger            |       |   183 |    53 ||   236
Invok: Berserk           |     5 |     4 |     1 ||    10
       Trog's Hand       |       |       |     1 ||     1
Armor: Ring mail         |    71 |   109 |    23 ||   203
       Animal skin       |     1 |       |       ||     1
Dodge: Dodged            |   111 |   150 |    31 ||   292

Table legend: (Time is in decaauts)
 A = Elapsed time spent in this place.
 B = Non-inter-level travel time spent in this place.
 C = Inter-level travel time spent in this place.
 D = Time resting spent in this place.
 E = Time spent auto-exploring this place.
 F = Levels seen in this place.
 G = Mean time per level.
                   A        B        C        D        E       F      G
               +--------+--------+--------+--------+--------+-----+--------+
         Total |   4217 |   4010 |    207 |     54 |   3069 |   5 |  843.4 |
       Dungeon |   4217 |   4010 |    207 |     54 |   3069 |   5 |  843.4 |
               +--------+--------+--------+--------+--------+-----+--------+

Top non-repeatable levels by time:
     D:2: 1155 daAuts
     D:3: 1150 daAuts
     D:1: 846 daAuts
     D:4: 552 daAuts
     D:5: 513 daAuts

Table legend:
 A = Kills in this place as a percentage of kills in entire the game.
 B = Kills by you in this place as a percentage of kills by you in the entire game.
 C = Kills by friends in this place as a percentage of kills by friends in the entire game.
 D = Other kills in this place as a percentage of other kills in the entire game.
 E = Experience gained in this place as a percentage of experience gained in the entire game.
 F = Experience gained in this place divided by the number of levels of this place that you have seen.
                   A       B       C       D       E      F
               +-------+-------+-------+-------+-------+----------------------
         Total | 100.0 | 100.0 |   N/A |   N/A | 100.0 | 178.6
       Dungeon | 100.0 | 100.0 |   N/A |   N/A | 100.0 | 178.6
               +-------+-------+-------+-------+-------+----------------------
